 Dungeon Crawl Stone Soup version 0.32-a0-350-g4f4d228785 (webtiles) character file.

Game seed: 6195676393570692239

322 Rhaen the Cudgeller (level 6, 0/53 HPs)
             Began as a Mountain Dwarf Monk on Feb 17, 2024.
             Incinerated by a bombardier beetle (7 damage)
             ... with a burning spray
             ... on level 4 of the Dungeon.
             The game lasted 00:08:19 (3164 turns).

Rhaen the Cudgeller (Mountain Dwarf Monk)           Turns: 3164, Time: 00:08:20

Health: 0/53       AC:  4    Str: 15    XL:     6   Next: 22%
Magic:  6/6        EV: 12    Int: 11    God:
Gold:   223        SH:  0    Dex: 12    Spells: 5/5 levels left

rFire   . . .        a - +1 mace
rCold   . . .        d - orb {light}
rNeg    . . .        k - +0 leather armour
rPois   .            (no helmet)
rElec   .            (no cloak)
rCorr   .            (no gloves)
SInv    .            j - +0 pair of boots
Will    .....        (no amulet)
Stlth   +            (no ring)
HPRegen 0.28/turn    (no ring)
MPRegen 0.10/turn

%: no passive effects
@: on fire, glowing
A: runic magic, artefact enchanting
a: no special abilities


You were on level 4 of the Dungeon.
You visited 1 branch of the dungeon, and saw 4 of its levels.

You collected 223 gold pieces.

Inventory:

Hand Weapons
 a - a +1 mace (weapon)
Armour
 d - an orb of light (worn)
 j - a +0 pair of boots (worn)
 k - a +0 leather armour (worn)
Jewellery
 f - a ring of flight
Wands
 s - a wand of iceblast (12)
Scrolls
 e - a scroll of teleportation
 g - 2 scrolls of identify
 o - a scroll of torment
 q - a scroll of immolation {unknown}
 r - a scroll of fog {unknown}
 u - a scroll of summoning {unknown}
Potions
 b - a potion of magic
 m - a potion of attraction
 v - a potion of might {unknown}


   Skills:
 + Level 4.4 Fighting
 + Level 6.0 Maces & Flails
 + Level 2.4 Armour
 + Level 3.2 Dodging


You had 5 spell levels left.
You didn't know any spells.
Your spell library contained the following spells:

 Spells                   Type           Power      Damage    Failure   Level
 Magic Dart               Conj           0%         1d3       36%         1
 Blink                    Tloc           0%         N/A       50%         2
 Call Imp                 Summ           0%         N/A       50%         2
 Lesser Beckoning         Tloc           0%         N/A       50%         2
 Momentum Strike          Conj/Tloc      0%         3d8       50%         2


Dungeon Overview and Level Annotations

Branches:
Dungeon (4/15)
 Temple: D:4-7

Altars:
Sif Muna


Innate Abilities, Weirdness & Mutations

Your spellcasting is much less encumbered by armour.
You can use scrolls of enchantment on lesser artefacts.


Message History

The liquid fire burns you! The bombardier beetle misses you.
You hit the bombardier beetle but do no damage.
The liquid fire burns you!
You hit the bombardier beetle.
The bombardier beetle is lightly wounded.
The liquid fire burns you!
The bombardier beetle sprays incendiary fluid at you.
The burning spray hits you.
You are even more covered in liquid fire!
You hit the bombardier beetle.
The bombardier beetle is lightly wounded.
The liquid fire burns you!
The bombardier beetle barely misses you.
You hit the bombardier beetle.
The bombardier beetle is heavily wounded.
The liquid fire burns you!
You hit the bombardier beetle.
The bombardier beetle is heavily wounded.
The liquid fire burns you! The bombardier beetle bites you.
You hit the bombardier beetle.
The bombardier beetle is heavily wounded.
The liquid fire burns you!
The bombardier beetle sprays incendiary fluid at you.
The burning spray misses you.
You hit the bombardier beetle.
The bombardier beetle is almost dead.
The liquid fire burns you!
* * * LOW HITPOINT WARNING * * *
You hit the bombardier beetle.
The bombardier beetle is almost dead.
The liquid fire burns you!
* * * LOW HITPOINT WARNING * * *
The bombardier beetle bites you.
* * * LOW HITPOINT WARNING * * *
You hit the bombardier beetle but do no damage.
The bombardier beetle is almost dead.
The liquid fire burns you!
You die...

.....................#
.....................#
..$..................#
..........).(.........
......................
......................
....$........†........
.......B............#
.......@............#...
........................
............(...........
........................
...(....................
........................
.......................#
.......................#
....................####


You could see a bombardier beetle.

Vanquished Creatures
  Ijyb (D:3)
  Jessica (D:2)
  Natasha (thrice) (D:3)
  6 adders
  2 dart slugs (D:3)
  An orc (D:4)
  9 endoplasms
  3 giant cockroaches
  4 goblins
  5 hobgoblins
  6 jackals
  8 kobolds
  4 quokkas
  7 ball pythons
  9 bats
  7 frilled lizards
  6 rats
82 creatures vanquished.

Notes
Turn   | Place    | Note
-------+----------+-------------------------------------------
     0 | D:1      | Rhaen the Mountain Dwarf Monk began the quest for the Orb.
     0 | D:1      | Reached XP level 1. HP: 19/19 MP: 1/1
   145 | D:1      | Reached skill level 4 in Maces & Flails
   145 | D:1      | Reached XP level 2. HP: 22/26 MP: 2/2
   392 | D:1      | Found a faded altar of an unknown god.
   397 | D:1      | Reached XP level 3. HP: 32/33 MP: 3/3
   863 | D:2      | Reached XP level 4. HP: 37/40 MP: 4/4
   892 | D:2      | Reached skill level 5 in Maces & Flails
   940 | D:2      | Noticed Jessica
   957 | D:2      | Killed Jessica
   958 | D:2      | Reached skill level 1 in Armour
  1196 | D:2      | Reached XP level 5. HP: 42/46 MP: 5/5
  1824 | D:3      | Noticed Natasha
  1833 | D:3      | Killed Natasha
  1934 | D:3      | Found a shimmering blue altar of Sif Muna.
  1942 | D:3      | Noticed Ijyb
  1966 | D:3      | Killed Ijyb
  1989 | D:3      | Noticed Natasha
  2039 | D:3      | Killed Natasha
  2315 | D:3      | Noticed Natasha
  2329 | D:3      | Reached XP level 6. HP: 43/53 MP: 6/6
  2334 | D:3      | Killed Natasha
  2850 | D:3      | HP: 2/53 [poisoned by an orc]
  3078 | D:4      | Reached skill level 6 in Maces & Flails
  3164 | D:4      | Incinerated by a bombardier beetle

Illustrated notes

Levels and vault maps discovered:
D:1:      nagdon_arrival_double_spiral, layout_basic,
          ebering_ecumenical_altar_box, minmay_pentomino_w4
D:2:      layout_basic, uniq_jessica
D:3:      layout_basic, mainiacjoe_overflow_cross_hatched, minmay_hedge_maze,
          uniq_natasha, uniq_ijyb
D:4:      layout_basic, zin_purify, lemuel_tele_altar

Skill      XL: |  1  2  3  4  5  6 |
---------------+-------------------+-----
Maces & Flails | 4 5 6 |  6.0
Fighting       | 4 |  4.4
Armour         | 1 2 |  2.4
Dodging        | 3 |  3.2

Action                     |  1- 3 |  4- 6 || total
---------------------------+-------+-------++-------
  Melee: Mace              |    84 |   168 ||   252
    Use: Scroll            |     1 |     9 ||    10
         Potion            |       |     3 ||     3
 Armour: Robe              |    22 |       ||    22
         Leather armour    |    32 |   115 ||   147
  Dodge: Dodged            |    61 |   102 ||   163

Table legend: (Time is in decaauts)
 A = Elapsed time spent in this place.
 B = Non-inter-level travel time spent in this place.
 C = Inter-level travel time spent in this place.
 D = Time resting spent in this place.
 E = Time spent auto-exploring this place.
 F = Levels seen in this place.
 G = Mean time per level.
                   A        B        C        D        E       F      G
               +--------+--------+--------+--------+--------+-----+--------+
         Total |   3223 |   3194 |     29 |    738 |   1557 |   4 |  805.8 |
       Dungeon |   3223 |   3194 |     29 |    738 |   1557 |   4 |  805.8 |
               +--------+--------+--------+--------+--------+-----+--------+

Top non-repeatable levels by time:
     D:3: 1283 daAuts
     D:2: 942 daAuts
     D:1: 898 daAuts
     D:4: 99 daAuts
